 Dungeon Crawl Stone Soup version 0.28.0-53-g5a82cb258f (webtiles) character file.

Game seed: 7047093708117494786

3 mcbry74 the Insei (level 1, 0/15 HPs)
             Began as a Merfolk Transmuter on July 5, 2022.
             Slain by a quokka (3 damage)
             ... on level 1 of the Dungeon.
             The game lasted 00:00:57 (226 turns).

mcbry74 the Insei (Merfolk Transmuter)               Turns: 226, Time: 00:00:58

Health: 0/15       AC:  2    Str: 10    XL:     1   Next: 50%
Magic:  3/3        EV: 12    Int: 12    God:
Gold:   0          SH:  0    Dex: 14    Spells: 3/4 levels left

rFire   . . .      SeeInvis .     - Unarmed
rCold   . . .      Faith    .   (no shield)
rNeg    . . .      Spirit   .   a - +0 robe
rPois   .          Reflect  .   (no helmet)
rElec   .          Harm     .   (no cloak)
rCorr   .          Rampage  .   (no gloves)
Will    .....                   (no boots)
Stlth   +.........              (no amulet)
HPRegen 0.05/turn               (no ring)
MPRegen 0.08/turn               (no ring)

@: no status effects
A: (nimble swimmer 2), mertail
a: no special abilities


You were on level 1 of the Dungeon.
You visited 1 branch of the dungeon, and saw 1 of its levels.

Inventory:

Armour
 a - a +0 robe (worn)


   Skills:
 - Level 1.1 Fighting
 - Level 2.6 Dodging
 + Level 3.5 Unarmed Combat
 - Level 2.0 Spellcasting
 - Level 2.6 Transmutations


You had 3 spell levels left.
You knew the following spells:

 Your Spells              Type           Power      Damage    Failure   Level
a - Beastly Appendage     Tmut           14%        N/A       9%          1

Your spell library contained the following spells:

 Spells                   Type           Power      Damage    Failure   Level
 Wereblood                Tmut           7%         N/A       14%         2
 Spider Form              Tmut/Pois      4%         N/A       43%         3
 Ice Form                 Ice/Tmut       4%         N/A       83%         4


Dungeon Overview and Level Annotations

Branches:
Dungeon (1/15)

Altars:


Innate Abilities, Weirdness & Mutations

((You are very nimble when in or above water. (Stealth+, EV+, Speed+++)))
Your lower body shifts to a powerful aquatic tail in water.


Message History

Casting: Beastly Appendage (safe; 9% risk of failure)
Confirm with . or Enter, or press ? or * to list all spells.
You grow a pair of large bovine horns.
Your transformation is almost over.
A hobgoblin comes into view.
You barely miss the frilled lizard. The frilled lizard bites you.
You closely miss the frilled lizard.
Your headbutt misses the frilled lizard.
The frilled lizard closely misses you.
You punch the frilled lizard!
You kill the frilled lizard!
Found a leather armour.
The hobgoblin shouts!
You hear a shout!
A kobold comes into view. It is wielding a +0 dagger.
A quokka comes into view.
Your horns disappear.
Casting: Beastly Appendage (safe; 9% risk of failure)
Confirm with . or Enter, or press ? or * to list all spells.
You grow a pair of large bovine horns.
The hobgoblin misses you.
You barely miss the hobgoblin. The hobgoblin closely misses you.
You barely miss the hobgoblin. The quokka bites you.
The hobgoblin closely misses you.
You hit the quokka.
The quokka is lightly wounded.
The quokka bites you. The hobgoblin closely misses you.
Your transformation is almost over.
The quokka bites you.
You barely miss the quokka. Your headbutt misses the quokka.
The quokka is lightly wounded.
The hobgoblin hits you.
* * * LOW HITPOINT WARNING * * *
The quokka bites you but does no damage.
You barely miss the hobgoblin.
Your horns disappear.
The hobgoblin barely misses you. The hobgoblin hits you.
* * * LOW HITPOINT WARNING * * *
The quokka bites you.
You die...

.##................#
.##..........######
.#######.....# ####### .#
#.....# #.....# .# #####.#
#.....#
.###########.####.....#
....##....##..........#
..........''.......####
....##....##....@r.######+#
....##....##.....g.........
....##....##.....K.........
..........##...............
..........#########........
###################........
#........K.........#
..##..................
........##############


You could see a quokka, a hobgoblin and a kobold.

Vanquished Creatures
  A bat (D:1)
  A frilled lizard (D:1)
  2 kobolds (D:1)
4 creatures vanquished.

Notes
Turn   | Place    | Note
-------+----------+-------------------------------------------
     0 | D:1      | mcbry74 the Merfolk Transmuter began the quest for the Orb.
     0 | D:1      | Reached XP level 1. HP: 15/15 MP: 3/3
   226 | D:1      | Slain by a quokka

Illustrated notes

Levels and vault maps discovered:
D:1:      ebering_trefoil_3fold, layout_basic,
          hellmonk_ecumenical_altar_prayer_group, corexii_corridor_pit

Action                   || total
-------------------------++-------
Melee: Unarmed           ||    18
 Cast: Beastly Appendage ||     3
Armor: Robe              ||     8
Dodge: Dodged            ||    12
